 Dungeon Crawl Stone Soup version 0.22.0-38-g04b72b8 (webtiles) character file.

109 HaroldButt the Changer (level 4, -2/35 HPs)
             Began as a Draconian Transmuter on Aug 25, 2018.
             Slain by Grinder (3 damage)
             ... on level 3 of the Dungeon.
             The game lasted 00:06:53 (2391 turns).

HaroldButt the Changer (Draconian Transmuter)       Turns: 2391, Time: 00:06:54

Health: -2/35      AC:  6    Str: 14    XL:     4   Next: 59%
Magic:  7/7        EV: 12    Int: 13    God:
Gold:   131        SH:  0    Dex: 11    Spells: 1/7 levels left

rFire    . . .     SeeInvis .   j - +2 short sword (elec)
rCold    . . .     Gourm    .   (no shield)
rNeg     . . .     Faith    .   (armour unavailable)
rPois    .         Spirit   .   (helmet restricted)
rElec    .         Reflect  .   (no cloak)
rCorr    .         Harm     .   f - +0 pair of gloves
MR       .....                  (no boots)
Stlth    +.........             (no amulet)
HPRegen  0.11/turn              (no ring)
MPRegen  0.10/turn              (no ring)

@: no status effects
A: unfitting armour, cold-blooded, AC +5
a: no special abilities


You were on level 3 of the Dungeon.
You were not hungry.

You visited 1 branch of the dungeon, and saw 3 of its levels.

You collected 131 gold pieces.


Innate Abilities, Weirdness & Mutations

Your plain brown scales are hard. (AC +5)
You cannot fit into any form of body armour.
You are cold-blooded and may be slowed by cold attacks.


   Skills:
 - Level 1.1 Fighting
 - Level 1.7 Dodging
 - Level 3.0 Unarmed Combat
 - Level 2.0 Spellcasting
 + Level 4.9 Transmutations


You had one spell level left.
You knew the following spells:

 Your Spells              Type           Power        Failure   Level  Hunger
x - Spider Form           Tmut/Pois      #.........   28%         3    ####...
z - Beastly Appendage     Tmut           ##....       3%          1    ##.....
Z - Sticks to Snakes      Tmut           ##......     4%          2    ###....

Your spell library contained the following spells:

 Spells                   Type           Power        Failure   Level  Hunger
 Ice Form                 Ice/Tmut       #.......     67%         4    #####..
 Blade Hands              Tmut           ##........   67%         5    ######.

Inventory:

Hand Weapons
 j - a +2 short sword of electrocution (weapon)
Missiles
 a - 12 arrows
Armour
 f - a +0 pair of gloves (worn)
Scrolls
 b - a scroll of blinking {unknown}
 h - a scroll of remove curse {unknown}
 k - a scroll of immolation {unknown}
 l - a scroll of fog {unknown}
 o - a scroll of teleportation {unknown}
 q - a scroll of enchant weapon {unknown}
 u - a scroll of enchant armour {unknown}
 x - a scroll of noise {unknown}
Potions
 d - a potion of lignification {unknown}
 e - a potion of curing {@q1}
 g - a potion of invisibility {unknown}
 m - a potion of agility
 n - a potion of magic
 p - a potion of degeneration {unknown}
 r - a potion of might {unknown}
 s - 2 potions of berserk rage {!q}
 t - a potion of mutation {unknown}
 v - a potion of flight
Comestibles
 c - 3 rations
 w - 3 chunks of flesh

Dungeon Overview and Level Annotations

Branches:
Dungeon (3/15)

Altars:
Trog
Zin

Annotations:
D:3 Grinder

▒......?....
▒....5....▒
▒▒.........▒
.......#...▒
▒.........▒
▒.▒▒▒▒▒▒▒.▒ ▒▒
▒#▒ .. ▒.▒▒▒▒▒.▒
▒.5d....▒.▒
▒..▒......▒
▒..▒......▒
▒▒▒▒▒..▒.......▒
▒.
▒......▒.▒.....▒
▒.▒
▒.▒▒▒▒.▒.....▒.▒
▒.▒
▒......▒[......▒
.B ▒.▒
▒▒▒▒▒..▒.. ..▒▒▒
..▒▒▒▒.▒
▒....▒......


You could see Grinder.


Message History

v - a potion of flight
Okay, then.
You hit Grinder.
You tail-slap Grinder, but do no damage.
Grinder is heavily wounded.
Grinder says, "I used to sell toenails on the black market."
Grinder barely misses you.
You barely miss Grinder. You tail-slap Grinder.
Grinder is heavily wounded.
Grinder hits you.
* * * LOW HITPOINT WARNING * * *
You writhe in agony.
* * * LOW HITPOINT WARNING * * *
You barely miss Grinder.
Grinder is heavily wounded.
Grinder misses you.
You hit Grinder but do no damage.
Grinder is heavily wounded.
Grinder hits you but does no damage.
You closely miss Grinder.
Grinder is heavily wounded.
Grinder hits you.
* * * LOW HITPOINT WARNING * * *
You writhe in agony.
* * * LOW HITPOINT WARNING * * *
Grinder hits you.
* * * LOW HITPOINT WARNING * * *
You writhe in agony.
You die...

Action                   |  1- 3 |  4- 6 || total
-------------------------+-------+-------++-------
Melee: Unarmed           |    70 |       ||    70
       Kick              |     4 |       ||     4
       Tailslap          |     7 |     6 ||    13
       Punch             |     2 |       ||     2
       Short sword       |    69 |    57 ||   126
 Cast: Beastly Appendage |     3 |       ||     3
  Use: Scroll            |       |     5 ||     5
  Eat: Chunk             |     3 |     2 ||     5
Armor: Skin              |    33 |    24 ||    57
Dodge: Dodged            |    84 |    37 ||   121

Vault maps used:
D:1:      ldierk_walled_garden
D:2:      tgw_trog, zin_scriptorium
D:3:      lemuel_crystal_altar, uniq_robin, uniq_grinder

Notes
Turn   | Place    | Note
-------+----------+-------------------------------------------
     0 | D:1      | HaroldButt the Draconian Transmuter began the quest for the Orb.
     0 | D:1      | Reached XP level 1. HP: 16/16 MP: 3/3
   191 | D:1      | Reached XP level 2. HP: 22/23 MP: 5/5
   257 | D:1      | Reached skill level 3 in Transmutations
   810 | D:2      | Learned a level 2 spell: Sticks to Snakes
   889 | D:2      | Reached XP level 3. HP: 23/28 MP: 6/6
   940 | D:2      | Reached skill level 4 in Transmutations
  1088 | D:2      | Learned a level 3 spell: Spider Form
  1141 | D:2      | Found a glowing silver altar of Zin.
  1921 | D:2      | Noticed a moth of wrath
  1924 | D:2      | Found a bloodstained altar of Trog.
  1944 | D:2      | Reached XP level 4. HP: 33/35 MP: 7/7
  2313 | D:3      | Noticed Robin
  2322 | D:3      | Killed Robin
  2348 | D:3      | Noticed Grinder
  2391 | D:3      | HP: 3/35 [Grinder (4)]
  2391 | D:3      | HP: 1/35 [Grinder (2)]
  2391 | D:3      | Slain by Grinder

Vanquished Creatures
  Robin (D:3)
  3 adders
  A worm (D:2)
  A dart slug (D:1)
  3 leopard geckos
  4 giant cockroaches
  8 hobgoblins
  3 jackals (D:2)
  2 kobolds (D:1)
  2 ball pythons
  2 bats
  3 frilled lizards (D:2)
  16 goblins
  15 rats
64 creatures vanquished.

Vanquished Creatures (others)
  5 toadstools (D:1)
5 creatures vanquished.

Grand Total: 69 creatures vanquished
